 Dungeon Crawl Stone Soup version 0.21.0-3-g78d12a8bdd (webtiles) character file.

72 KamiKatze the Chopper (level 4, -2/40 HPs)
             Began as a Hill Orc Monk on Jan 14, 2018.
             Slain by Jessica
             ... wielding a +0 club
              (5 damage)
             ... on level 2 of the Dungeon.
             The game lasted 00:06:11 (1749 turns).

KamiKatze the Chopper (Hill Orc Monk)               Turns: 1749, Time: 00:06:11

Health: -2/40      AC:  0    Str: 14    XL:     4   Next: 26%
Magic:  4/4        EV: 20    Int: 15    God:
Gold:   99         SH:  0    Dex: 18    Spells: 3/3 levels left

rFire    . . .     SeeInvis .   (weapon currently unavailable)
rCold    . . .     Gourm    .   (shield currently unavailable)
rNeg     . . .     Faith    .   (armour currently unavailable)
rPois    .         Spirit   .   (helmet currently unavailable)
rElec    .         Reflect  .   (cloak currently unavailable)
rCorr    .         Harm     .   (gloves currently unavailable)
MR       .....     Clarity  +   (boots currently unavailable)
Stlth    ++........             (no amulet)
HPRegen  0.13/turn              (ring currently unavailable)
MPRegen  0.09/turn              (ring currently unavailable)

@: brilliant, bat-form, flying, hasted, very quick
A: tiny, clarity
a: no special abilities


You were on level 2 of the Dungeon.
You were not hungry.
You were in bat-form.
You visited 1 branch of the dungeon, and saw 2 of its levels.

You collected 99 gold pieces.

Inventory:

Hand Weapons
 a - a +0 hand axe (melded)
Missiles
 g - 77 stones (quivered)
Armour
 e - a +0 ring mail (melded)
 j - a +0 plate armour
Scrolls
 k - 3 scrolls of identify {unknown}
 m - a scroll of noise {unknown}
 o - a scroll of enchant weapon {unknown}
 p - a scroll of fear {unknown}
 q - a scroll of magic mapping {unknown}
Potions
 b - 3 potions of mutation
 d - a potion of flight
 h - 2 potions of berserk rage {unknown}
 i - a potion of lignification
Comestibles
 c - 5 rations
 n - 5 chunks of flesh


   Skills:
 + Level 4.1 Fighting
 * Level 5.0 Axes
 * Level 2.1 Armour
 + Level 2.7 Dodging
 - Level 1.5 Stealth


You had 3 spell levels left.
You didn't know any spells.

Dungeon Overview and Level Annotations

Branches:
Dungeon (2/15)

Altars:
Xom

Annotations:
D:2 Jessica, Sigmund


Innate Abilities, Weirdness & Mutations

((You have a pair of small antennae on your head.))
You possess an exceptional clarity of mind.


Message History

It was a potion of flight.
You feel more buoyant. Jessica barely misses you.
Sigmund zaps a wand.
It was a potion of brilliance.
You feel clever all of a sudden.
Jessica grins evilly.
Jessica gestures at you while chanting. Pain shoots through your body!
* * * LOW HITPOINT WARNING * * *
Sigmund zaps a wand.
You resist with some effort. Jessica misses you.
Unknown command.
It was a potion of lignification.
You feel woody for a moment. Jessica gestures at you while chanting.
You resist with some effort. Sigmund barely misses you.
Some of the chunks of flesh in your inventory have rotted away.
Unknown command.
It was a potion of haste.
You feel yourself speed up.
Jessica shouts, "You are a ghastly nuisance!"
Jessica hits you with a club.
You die...

.## ..####
.....##########
..##..........#
.......######.#
######.# #.# # #.#
#.#### #.# #..@.#
#.# ####b# ##.#
#@# #..# #.#
###.####### #.#
#.........# #.#
#.#.#####.# #.#
#.#.# #.# #.#
#.#.#####.####.#
.##.#.##.........#


You could see Sigmund and Jessica.

Vanquished Creatures
  A gnoll (D:1)
  2 worms (D:2)
  A dart slug (D:1)
  2 leopard geckos (D:1)
  3 ball pythons
  2 giant cockroaches (D:1)
  7 goblins
  8 hobgoblins
  2 jackals (D:2)
  10 kobolds
  3 bats
  6 frilled lizards (D:1)
  3 rats
50 creatures vanquished.

Notes
Turn   | Place    | Note
-------+----------+-------------------------------------------
     0 | D:1      | KamiKatze the Hill Orc Monk began the quest for the Orb.
     0 | D:1      | Reached XP level 1. HP: 19/19 MP: 1/1
   153 | D:1      | Reached skill level 1 in Armour
   153 | D:1      | Reached XP level 2. HP: 3/27 MP: 2/2
   555 | D:1      | Reached XP level 3. HP: 31/33 MP: 3/3
   616 | D:1      | You fall through a shaft!
  1425 | D:2      | Reached XP level 4. HP: 40/40 MP: 4/4
  1447 | D:2      | Reached skill level 5 in Axes
  1656 | D:2      | Found a shimmering altar of Xom.
  1727 | D:2      | Noticed Sigmund
  1727 | D:2      | Noticed Jessica
  1728 | D:2      | Gained mutation: You possess an exceptional clarity of mind. [potion of mutation]
  1728 | D:2      | Gained mutation: You have a pair of small antennae on your head. [potion of mutation]
  1747 | D:2      | HP: 2/40 [Jessica/nerve-wracking pain (12)]
  1749 | D:2      | Slain by Jessica

Skill      XL: |  1  2  3  4 |
---------------+-------------+-----
Armour         | 1 2 |  2.1
Fighting       | 4 |  4.1
Axes           | 5 |  5.0
Dodging        | |  2.7
Stealth        | |  1.5

Action                   |  1- 3 |  4- 6 || total
-------------------------+-------+-------++-------
Melee: Hand axe          |   139 |    49 ||   188
       Unarmed           |       |     6 ||     6
  Use: Potion            |       |     5 ||     5
 Stab: Sleeping          |     2 |       ||     2
  Eat: Chunk             |     2 |     1 ||     3
Armor: Robe              |     3 |       ||     3
       Ring mail         |    31 |     9 ||    40
Dodge: Dodged            |    93 |    31 ||   124
